 Dungeon Crawl Stone Soup version 0.32-a0-768-g0f6f1dd4b9 (webtiles) character file.

Game seed: 17705929670025659064

616 demenzo the Ducker (level 7, -3/64 HPs)
             Began as a Coglin Gladiator on Mar 18, 2024.
             Was a Follower of Hepliaklqana.
             Slain by a water moccasin (4 damage)
             ... on level 4 of the Dungeon.
             The game lasted 00:05:49 (3576 turns).

demenzo the Ducker (Coglin Gladiator)               Turns: 3576, Time: 00:05:50

Health: -3/64      AC:  7    Str: 17    XL:     7   Next: 45%
Magic:  5/7        EV: 11    Int: 10    God:    Hepliaklqana [*.....]
Gold:   152        SH:  0    Dex: 15    Spells: 6/6 levels left

rFire   . . .        x - +2 dagger (venom) {Qiuyue}
rCold   + . .        B - +1 dagger (venom) {Paullus}
rNeg    . . .        v - +1 ring mail of an ossuary {rC+ Regen+ Int+3}
rPois   .            c - +0 helmet
rElec   .            (no cloak)
rCorr   .            (no gloves)
SInv    .            (no boots)
Will    +....        (amulet unavailable) Stlth
                     (ring unavailable)
HPRegen 1.10/turn    (ring unavailable)
MPRegen 0.10/turn    (no gizmo)

%: no passive effects
@: berserking, lethally poisoned (-3 -> -4), enlightened, flying, revving, very
quick
A: reduced essence, off-hand wielding, slow wielding, warmup strikes, no
jewellery, frail 1, high MP 1, evolution 1, inability to drink after injury 1
a: Invent Gizmo, Renounce Religion, Recall Ancestor, Ancestor Identity


You were on level 4 of the Dungeon.
You worshipped Hepliaklqana.
Hepliaklqana was aware of your devotion.
You visited 1 branch of the dungeon, and saw 5 of its levels.

You collected 152 gold pieces.

Inventory:

Hand Weapons
 x - a +2 dagger of venom (weapon) {Qiuyue}
 A - a +0 whip of freezing {Xiuying}
 B - a +1 dagger of venom (offhand) {Paullus}
Missiles
 d - 3 throwing nets (quivered) {!f}
 e - a javelin
 n - 8 poisoned darts
Armour
 b - a +0 leather armour
 c - a +0 helmet (worn)
 v - the +1 ring mail of an ossuary (worn) {rC+ Regen+ Int+3}
   (You took it off a goblin on level 2 of the Dungeon)

   Int+3:     It affects your intelligence (+3).
   rC+:       It protects you from cold.
   Regen+:    It increases your rate of health regeneration.
 y - a +0 kite shield
 E - a +0 cloak
Scrolls
 f - a scroll of poison {unknown}
 g - a scroll of amnesia {unknown}
 i - a scroll of silence {unknown}
 j - 2 scrolls of teleportation {unknown}
 l - 2 scrolls of enchant weapon {unknown}
 m - 2 scrolls of immolation {unknown}
 o - a scroll of butterflies {unknown}
 t - a scroll of fog {unknown}
 u - 2 scrolls of noise {unknown}
 w - 3 scrolls of identify {unknown}
Potions
 a - a potion of mutation
 k - a potion of might
 r - a potion of experience {unknown}
 s - a potion of lignification {unknown}
 z - a potion of invisibility {unknown}
 C - a potion of cancellation
 D - a potion of heal wounds {unknown}


   Skills:
 + Level 4.1 Fighting
 * Level 3.7 Short Blades
 - Level 1.9(3.1) Maces & Flails
 - Level 3.8(4.0) Staves
 - Level 1.7 Throwing
 + Level 4.2 Dodging


You had 6 spell levels left.
You didn't know any spells.
Your spell library contained the following spells:

 Spells                   Type           Power      Damage    Failure   Level
 Kiss of Death            Conj/Necr      0%         2d5       56%         1
 Jinxbite                 Hex            0%         N/A       71%         2
 Confusing Touch          Hex            0%         N/A       91%         3
 Frozen Ramparts          Ice            0%         1d1       91%         3
 Ozocubu's Armour         Ice            0%         N/A       91%         3
 Anguish                  Hex/Necr       0%         N/A       100%        4
 Cause Fear               Hex            0%         N/A       100%        4
 Dispel Undead            Necr           0%         3d6       100%        4
 Metabolic Englaciation   Hex/Ice        0%         N/A       100%        5
 Yara's Violent Unravell  Hex/Alch       0%         3d3       100%        5
 Enfeeble                 Hex            0%         N/A       100%        7


Dungeon Overview and Level Annotations

Branches:
Dungeon (5/15) Zot: 26407  Temple (0/1) D:4

Altars:
Cheibriados
Dithmenos
Hepliaklqana
Kikubaaqudgha
Sif Muna

Shops:
D:4 *


Innate Abilities, Weirdness & Mutations

Your life essence is reduced to manifest your ancestor. (-10% HP)
You can wield a second weapon in your off-hand.
It takes a long time for you to wield or remove held weapons.
Your first few attacks do less damage.
You cannot equip rings or amulets.
You are frail. (-10% HP)
You have an increased reservoir of magic. (+10% MP)
You have hidden genetic potential.
You occasionally lose the ability to drink potions when taking damage.


Message History

You feel sick.
The scorpion closely misses Plog.
The water moccasin barely misses Plog.
Plog hits the scorpion.
The scorpion stings Plog.
It was a potion of mutation.
You feel extremely strange.
You feel frail.
You feel more energetic.
You occasionally lose the ability to drink potions when taking damage.
You feel a hidden potential growing inside you.
* * * LOW HITPOINT WARNING * * *
You feel sick.
The water moccasin bites Plog!
The scorpion completely misses Plog.
Plog hits the scorpion.
The water moccasin bites Plog!
It was a potion of might.
You feel very mighty all of a sudden.
* * * LOW HITPOINT WARNING * * *
You feel sick.
The water moccasin closely misses Plog.
The scorpion barely misses Plog.
Plog hits the scorpion!
The scorpion dies!
It was a potion of cancellation.
Your magical effects are unravelling.
You feel magically purged.
C - a potion of cancellation;
y - a +0 kite shield You feel a little less mighty now.
You feel sick.
The water moccasin bites Plog but does no damage.
Plog hits the water moccasin.
It was a potion of enlightenment.
You feel very buoyant.
You fly up into the air.
You feel sick.
The water moccasin bites Plog!
Plog is destroyed!
It was a potion of berserk rage.
A red film seems to cover your vision as you go berserk!
You feel yourself moving faster!
You feel mighty!
You feel sick. The water moccasin bites you.
* * * LOW HITPOINT WARNING * * *
You miss the water moccasin with your +1 dagger of venom.
The water moccasin is moderately wounded.
You barely miss the water moccasin with your +2 dagger of venom.
The water moccasin bites you.
You die...
Hepliaklqana delivers you to your ancestors.

#............)
#.............
###########...
#.........#...
#.......R.'...
#############'#...
#...............##
#..........)....#.
#@.........)....'.
#S.........)รท...#.
#...............#.
#...............##
##################
#........#
#...)....#
######.......#
#....#####'###


You could see a water moccasin.

Vanquished Creatures
  A black bear (D:4)
  A centaur (D:5)
  A bombardier beetle (D:4)
  A hound (D:4)
  An orc priest (D:4)
  2 orc wizards (D:4)
  An adder (D:3)
  A dart slug (D:3)
  8 orcs
  7 ball pythons
  4 bats
  5 endoplasms
  4 giant cockroaches
  7 goblins
  8 hobgoblins
  16 jackals
  3 quokkas
  4 frilled lizards
  7 kobolds
  23 rats
105 creatures vanquished.

Vanquished Creatures (collateral kills)
  An ogre (D:5)
  A scorpion (D:4)
  A hound (D:4)
  An iguana (D:4)
  A jackal (D:4)
5 creatures vanquished.

Vanquished Creatures (others)
  An ancestor (D:4)
1 creature vanquished.

Grand Total: 111 creatures vanquished

Notes
Turn   | Place    | Note
-------+----------+-------------------------------------------
     0 | D:1      | demenzo the Coglin Gladiator began the quest for the Orb.
     0 | D:1      | Reached XP level 1. HP: 16/16 MP: 1/1
    31 | D:1      | Reached XP level 2. HP: 18/22 MP: 2/2
   506 | D:1      | Reached XP level 3. HP: 23/28 MP: 3/3
   928 | D:2      | Found a hazy altar of Hepliaklqana.
   988 | D:2      | Became a worshipper of Hepliaklqana the Forgotten
  1324 | D:2      | Identified the +1 ring mail of an ossuary {rC+ Regen+
                  | Int+3}
  1330 | D:2      | Reached XP level 4. HP: 34/34 MP: 4/4
  2034 | D:3      | Found a shadowy altar of Dithmenos.
  2154 | D:3      | Reached * piety under Hepliaklqana
  2427 | D:4      | Reached skill level 1 in Short Blades
  2427 | D:4      | Reached XP level 5. HP: 33/36 MP: 5/5
  2466 | D:4      | Reached skill level 1 in Maces & Flails
  2473 | D:4      | Found a snail-covered altar of Cheibriados.
  2493 | D:4      | Found a staircase to the Ecumenical Temple.
  2541 | D:4      | Reached XP level 6. HP: 32/42 MP: 6/6
  2958 | D:4      | Found an ancient bone altar of Kikubaaqudgha.
  3025 | D:4      | Noticed a black bear
  3032 | D:4      | Killed a black bear
  3106 | D:4      | Found Utiebb's Overcharged Wands.
  3337 | D:4      | Found a hazy altar of Hepliaklqana.
  3403 | D:4      | Found a shimmering blue altar of Sif Muna.
  3484 | D:5      | Entered Level 5 of the Dungeon
  3490 | D:5      | Reached XP level 7. HP: 35/47 MP: 7/7
  3571 | D:4      | Gained mutation: You are frail. (-10% HP) [potion of
                  | mutation]
  3571 | D:4      | Gained mutation: You have an increased reservoir of magic.
                  | (+10% MP) [potion of mutation]
  3571 | D:4      | Gained mutation: You occasionally lose the ability to drink
                  | potions when taking damage. [potion of mutation]
  3571 | D:4      | Gained mutation: You have hidden genetic potential. [potion
                  | of mutation]
  3571 | D:4      | HP: 2/43 [poisoned by a water moccasin]
  3576 | D:4      | Slain by a water moccasin

Illustrated notes

Levels and vault maps discovered:
D:1:      dpeg_arrival_houses_and_road, layout_basic, serial_park_tiny_pond
D:2:      layout_rooms, basic_altar
D:3:      layout_basic, marbit_many_paths, minmay_rat_hole
D:4:      layout_gridville, mainiacjoe_overflow_alcove_2,
          mainiacjoe_overflow_big_doors, mainiacjoe_overflow_boulevard,
          minmay_temple_entry_statues_pillars, nrook_uturn,
          nicolae_shop_overcharged_wands
D:5:      layout_gridville, kennysheep_mini_moat, minmay_diced_spiral,
          uniq_grinder

Skill      XL: |  1  2  3  4  5  6  7 |
---------------+----------------------+-----
Staves         | 3 |  3.8
Dodging        | 3 4 |  4.2
Fighting       | 3 4 |  4.1
Short Blades   | 1 3 |  3.7
Maces & Flails | 1 |  1.9
Throwing       | |  1.7

Action                     |  1- 3 |  4- 6 |  7- 9 || total
---------------------------+-------+-------+-------++-------
  Melee: Quarterstaff      |   133 |    28 |       ||   161
         Whip              |       |    74 |       ||    74
         Dagger            |       |   108 |    13 ||   121
 Invoke: Recall Ancestor   |       |       |     2 ||     2
    Use: Potion            |       |       |     8 ||     8
 Armour: Leather armour    |   105 |       |       ||   105
         Ring mail         |       |    71 |    25 ||    96
  Dodge: Dodged            |   141 |    57 |    18 ||   216

Table legend: (Time is in decaauts)
 A = Elapsed time spent in this place.
 B = Non-inter-level travel time spent in this place.
 C = Inter-level travel time spent in this place.
 D = Time resting spent in this place.
 E = Time spent auto-exploring this place.
 F = Levels seen in this place.
 G = Mean time per level.
                   A        B        C        D        E       F      G
               +--------+--------+--------+--------+--------+-----+--------+
         Total |   3591 |   3458 |    133 |    322 |   2355 |   5 |  718.2 |
       Dungeon |   3591 |   3458 |    133 |    322 |   2355 |   5 |  718.2 |
               +--------+--------+--------+--------+--------+-----+--------+

Top non-repeatable levels by time:
     D:4: 1070 daAuts
     D:3: 954 daAuts
     D:1: 884 daAuts
     D:2: 600 daAuts
     D:5: 82 daAuts
